 Dungeon Crawl Stone Soup version 0.29-a0-356-g7bc237e783 (console) character file.

Game seed: 14222852215987026106

7227 Melian the Cleaver (level 10, -25/103 HPs)
             Began as a Minotaur Berserker on Apr 26, 2022.
             Was an Elder of Trog.
             Annihilated by a white ugly thing (26 damage)
             ... on level 9 of the Dungeon.
             The game lasted 00:37:18 (12232 turns).

Melian the Cleaver (Minotaur Berserker)            Turns: 12232, Time: 00:37:19

Health: -25/103    AC:  9    Str: 32      XL:     10   Next: 88%
Magic:  9/9        EV: 11    Int:  4 (6)  God:    Trog [****..]
Gold:   466        SH:  0    Dex:  8 (10) Spells: 9/9 levels left

rFire   . . .      SeeInvis .   L - +1 war axe
rCold   . . .      Faith    .   (no shield)
rNeg    . . .      Spirit   .   B - +1 ring mail {rPois}
rPois   +          Reflect  .   (helmet restricted)
rElec   .          Harm     .   z - +0 cloak of Koeqouro {Int+2}
rCorr   +          Rampage  .   (no gloves)
Will    .....                   l - +1 pair of boots
Stlth   ..........              (no amulet)
HPRegen 0.27/turn               R - ring of resist corrosion
MPRegen 0.11/turn               S - +6 ring of strength

@: no status effects
A: horns 2, retaliatory headbutt
a: Renounce Religion, Berserk, Trog's Hand, Brothers in Arms


You were on level 9 of the Dungeon.
You worshipped Trog.
Trog was greatly pleased with you.
You visited 1 branch of the dungeon, and saw 9 of its levels.
You also visited: Sewer.

You collected 466 gold pieces.


Innate Abilities, Weirdness & Mutations

You have a pair of horns on your head.
You reflexively headbutt those who attack you in melee.


   Skills:
 + Level 14.2 Fighting
 + Level 14.3 Axes
 - Level 3.0 Armour
 - Level 3.0 Dodging


You had 9 spell levels left.
You didn't know any spells.
Your spell library was empty.

Inventory:

Hand Weapons
 a - a +0 hand axe
 b - a +3 hunting sling
 L - a +1 war axe (weapon)
Missiles
 w - 18 poisoned darts
 D - a throwing net (quivered) {=f}
Armour
 l - a +1 pair of boots (worn)
 z - the +0 cloak of Koeqouro (worn) {Int+2}
   (You found it on level 5 of the Dungeon)

   Int:       It affects your intelligence (+2).
 B - a +1 ring mail of poison resistance (worn)
 J - a +0 plate armour
Jewellery
 u - a ring of resist corrosion
 C - a ring of ice
 P - a ring of poison resistance
 R - a ring of resist corrosion (left hand)
 S - a +6 ring of strength (right hand)
Wands
 f - a wand of flame (16)
 h - a wand of polymorph (5)
 I - a wand of paralysis (11)
Scrolls
 e - 3 scrolls of identify {@r1}
 g - a scroll of blinking {unknown}
 i - 3 scrolls of enchant weapon
 j - 6 scrolls of teleportation {@r2}
 r - 2 scrolls of fog
 s - a scroll of magic mapping
 v - a scroll of amnesia
 x - a scroll of noise
Potions
 c - 4 potions of might
 d - a potion of heal wounds {@q2}
 k - a potion of attraction
 m - 3 potions of berserk rage {!q}
 o - a potion of invisibility
 p - a potion of curing {@q1}
 H - a potion of cancellation

Dungeon Overview and Level Annotations

Branches:
Dungeon (9/15)             Temple (0/1) D:4             Orc (0/2) D:9
  Sewer (visited)
   Lair: D:8-11

Altars:
Fedhas
Gozag
Qazlal
Ru
Trog
Beogh

Shops:
D:8

* #..... ♣♣♣ #.... #..
+...# ####.. #...#
......#### #...#
.........# #...#
#...####..#######
#.)....u..#.....#
#.######.†8.....# #u#
#..'.....# #@#
#..8..⌠..#
#.'....#..#.....#
..#....#..#.....#
...#.<..#..#8._.># ....#
####..#.)...#
...........
......#.)...#
..........>. ###.8).⌠..#
...........###...).....#
#..........#...))8.....#
#... .....#..)).#.....#
#..######..###...#######


You could see a white ugly thing.


Message History

Items here: )) [[ †.
The floor, spattered with blood.
Okay, then.
You feel much better. The white ugly thing pecks you!
* * * LOW HITPOINT WARNING * * *
The white ugly thing freezes you!!
* * * LOW HITPOINT WARNING * * *
You feel much better. The white ugly thing pecks you.
* * * LOW HITPOINT WARNING * * *
The white ugly thing freezes you!!
* * * LOW HITPOINT WARNING * * *
You feel much better. The white ugly thing pecks you.
* * * LOW HITPOINT WARNING * * *
The white ugly thing freezes you!!
* * * LOW HITPOINT WARNING * * *
You feel much better.
The white ugly thing closely misses you.
You furiously retaliate!
You headbutt the white ugly thing!!
Okay, then.
The white ugly thing attacks as you move away!
The white ugly thing pecks you.
* * * LOW HITPOINT WARNING * * *
The white ugly thing freezes you!!
* * * LOW HITPOINT WARNING * * *
You hit the white ugly thing.
The white ugly thing is heavily wounded.
The white ugly thing pecks you.
* * * LOW HITPOINT WARNING * * *
The white ugly thing freezes you!!
You die...

Skill      XL: |  1  2  3  4  5  6  7  8  9 10 |
---------------+-------------------------------+-----
Fighting       | 4 5 6 7 8 10 12 14 | 14.2
Axes           | 4 5 6 7 8 10 12 14 | 14.3
Armour         | 3 |  3.0
Dodging        | 3 |  3.0

Action                   |  1- 3 |  4- 6 |  7- 9 | 10-12 || total
-------------------------+-------+-------+-------+-------++-------
Melee: Hand axe          |    78 |   117 |   287 |    59 ||   541
       Headbutt          |    12 |    18 |    69 |    21 ||   120
       Punch             |       |     2 |     3 |     2 ||     7
       War axe           |       |       |       |    75 ||    75
Throw: Dart              |       |       |     1 |       ||     1
Invok: Berserk           |       |       |     3 |     1 ||     4
       Trog's Hand       |       |       |     1 |       ||     1
       Brothers in Arms  |       |       |       |     3 ||     3
Evoke: Wand              |       |       |       |     3 ||     3
  Use: Scroll            |       |       |     5 |    11 ||    16
       Potion            |       |       |       |    13 ||    13
 Stab: Distracted        |       |       |       |     1 ||     1
Armor: Animal skin       |     4 |       |       |       ||     4
       Ring mail         |    14 |    19 |    75 |    50 ||   158
Dodge: Dodged            |    50 |    59 |   113 |    70 ||   292

Levels and vault maps discovered:
D:1:      dpeg_arrival_signposts, layout_basic, ebering_ecumenical_altar_hall,
          roderic_lattice_a
D:2:      layout_basic
D:3:      layout_rooms
D:4:      layout_basic, nicolae_overflow_quartered_altars, temple_hall,
          portal_sewer_entry_d
D:5:      layout_gridville, grunt_ministairs_13
D:6:      cheibrodos_quashed, layout_loops_ring, serial_glass, glass_columns_b,
          glass_columns_a, glass_columns_a, glass_columns_a, glass_columns_b,
          glass_columns_c, glass_columns_b, glass_columns_c, uniq_duvessa
D:7:      layout_layer_cave
D:8:      layout_rooms, nicolae_ru_awakened_eye, nicolae_blasting_shop,
          columned_hall_lemuel, uniq_pikel, uniq_maurice
D:9:      minmay_flawed_box, layout_irregular_city, mainiacjoe_overflow_paths,
          david_orc_5

Notes
Turn   | Place    | Note
-------+----------+-------------------------------------------
     0 | D:1      | Melian the Minotaur Berserker began the quest for the Orb.
     0 | D:1      | Reached XP level 1. HP: 19/19 MP: 0/0
   197 | D:1      | Reached skill level 4 in Fighting
   197 | D:1      | Reached skill level 4 in Axes
   273 | D:1      | Reached XP level 2. HP: 22/27 MP: 1/1
   404 | D:1      | Found a faded altar of an unknown god.
  1338 | D:2      | Reached XP level 3. HP: 34/34 MP: 2/2
  1540 | D:2      | Reached ** piety under Trog
  2025 | D:3      | Reached XP level 4. HP: 37/41 MP: 3/3
  2097 | D:3      | Reached skill level 5 in Fighting
  2099 | D:3      | Reached skill level 5 in Axes
  2399 | D:3      | You fall into a shaft and drop 1 floor!
  2414 | D:4      | Noticed a phantom
  2430 | D:4      | Killed a phantom
  2431 | D:4      | Reached XP level 5. HP: 31/50 MP: 4/4
  2452 | D:4      | Found an opulent altar of Gozag.
  2452 | D:4      | Found a bloodstained altar of Trog.
  2453 | D:4      | Found a blossoming altar of Fedhas.
  2476 | D:4      | Reached skill level 6 in Fighting
  2476 | D:4      | Reached skill level 6 in Axes
  2514 | D:4      | Found a stormy altar of Qazlal.
  2775 | D:4      | Found a glowing drain.
  2784 | Sewer    | Entered a sewer
  2856 | Sewer    | Reached XP level 6. HP: 37/58 MP: 5/5
  3107 | D:3      | Reached *** piety under Trog
  3756 | D:4      | Reached skill level 7 in Fighting
  3756 | D:4      | Reached skill level 7 in Axes
  3773 | D:4      | Found a staircase to the Ecumenical Temple.
  4183 | D:5      | Entered Level 5 of the Dungeon
  4201 | D:5      | Reached XP level 7. HP: 30/66 MP: 6/6
  4518 | D:5      | Reached skill level 8 in Fighting
  4518 | D:5      | Reached skill level 8 in Axes
  4860 | D:5      | Reached XP level 8. HP: 50/77 MP: 7/7
  5525 | D:5      | Reached skill level 9 in Fighting
  5525 | D:5      | Reached skill level 9 in Axes
  5532 | D:5      | Identified the +0 cloak of Koeqouro {Int+2}
  5856 | D:6      | Noticed a two-headed ogre
  5865 | D:6      | Killed a two-headed ogre
  5866 | D:6      | Reached skill level 10 in Fighting
  5866 | D:6      | Reached skill level 10 in Axes
  6103 | D:6      | Noticed Duvessa
  6111 | D:6      | Reached XP level 9. HP: 60/86 MP: 8/8
  6113 | D:6      | Noticed Dowan
  6144 | D:6      | Killed Duvessa
  6151 | D:6      | Killed Dowan
  6338 | D:6      | Noticed a boulder beetle
  6368 | D:6      | HP: 12/129 [boulder beetle (24)]
  6369 | D:6      | Killed a boulder beetle
  6369 | D:6      | Reached **** piety under Trog
  6370 | D:6      | Reached skill level 11 in Fighting
  6370 | D:6      | Reached skill level 11 in Axes
  7191 | D:6      | Reached skill level 12 in Fighting
  7191 | D:6      | Reached skill level 12 in Axes
  8594 | D:7      | Reached XP level 10. HP: 86/100 MP: 9/9
  9388 | D:8      | Found Badderr's Demolitions Depot.
  9424 | D:8      | Reached skill level 3 in Armour
  9429 | D:8      | Found a sacrificial altar of Ru.
  9631 | D:8      | Noticed Pikel
  9653 | D:8      | Killed Pikel
  9654 | D:8      | Reached skill level 13 in Axes
  9654 | D:8      | Reached skill level 3 in Dodging
  9656 | D:8      | Reached skill level 13 in Fighting
  9969 | D:8      | Noticed Maurice
  9977 | D:8      | Paralysed by Maurice for 5 turns
  9990 | D:8      | Paralysed by Maurice for 4 turns
  9995 | D:8      | Killed Maurice
 11464 | D:8      | Identified a potion of resistance
 11780 | D:9      | Reached skill level 14 in Axes
 11799 | D:9      | Reached skill level 14 in Fighting
 12182 | D:9      | Found a staircase to the Orcish Mines.
 12216 | D:9      | Noticed a white ugly thing
 12227 | D:9      | HP: 7/103 [white ugly thing (27)]
 12228 | D:9      | HP: 2/103 [white ugly thing (24)]
 12232 | D:9      | Annihilated by a white ugly thing

Vanquished Creatures
  A boulder beetle (D:6)
  A two-headed ogre (D:6)
  Pikel (D:8)
  Maurice (D:8)
  A hornet (D:8)
  A wyvern (D:6)
  A steam dragon (D:7)
  4 vampire mosquitoes (D:8)
  Duvessa (D:6)
  2 water moccasins (D:9)
  2 orc warriors
  An ice beast (D:8)
  A sky beast (D:8)
  A black bear (D:5)
  2 ogres
  2 centaurs
  3 kobold brigands
  5 phantoms
  2 bullfrogs
  A gnoll sergeant (D:7)
  6 necrophages
  3 scorpions
  Dowan (D:6)
  4 killer bees (D:9)
  A howler monkey (D:4)
  4 jellies
  4 orc priests
  3 hounds
  A gnoll shaman (D:6)
  An iguana (D:4)
  17 orc wizards
  A hell rat (Sewer)
  10 gnolls
  3 adders
  2 river rats (Sewer)
  A shadow imp (D:6)
  An ufetubus (D:4)
  2 worms
  3 dart slugs
  31 orcs
  13 endoplasms
  2 giant cockroaches
  14 goblins
  5 hobgoblins
  7 jackals
  2 quokkas
  6 ball pythons
  6 bats
  3 frilled lizards
  20 kobolds
  9 rats
220 creatures vanquished.

Vanquished Creatures (collateral kills)
  3 orc warriors (D:9)
  A centaur (D:8)
  2 orc priests
  An orc wizard (D:8)
  9 orcs (D:9)
16 creatures vanquished.

Grand Total: 236 creatures vanquished

Table legend: (Time is in decaauts)
 A = Elapsed time spent in this place.
 B = Non-inter-level travel time spent in this place.
 C = Inter-level travel time spent in this place.
 D = Time resting spent in this place.
 E = Time spent auto-exploring this place.
 F = Levels seen in this place.
 G = Mean time per level.
                   A        B        C        D        E       F      G
               +--------+--------+--------+--------+--------+-----+--------+
         Total |  12194 |  11864 |    330 |   1447 |   8354 |  10 | 1219.4 |
       Dungeon |  11988 |  11658 |    330 |   1447 |   8223 |   9 | 1332.0 |
         Sewer |    205 |    205 |      0 |      0 |    131 |   1 |  205.0 |
               +--------+--------+--------+--------+--------+-----+--------+

Top non-repeatable levels by time:
     D:8: 2126 daAuts
     D:6: 1896 daAuts
     D:7: 1861 daAuts
     D:5: 1364 daAuts
     D:4: 1335 daAuts
     D:1: 1335 daAuts
     D:9: 738 daAuts
     D:2: 691 daAuts
     D:3: 639 daAuts
   Sewer: 205 daAuts

Table legend:
 A = Non-vault XP
 B = Vault XP
 C = Vault XP percentage of total XP
 D = Non-vault monster count
 E = Vault monster count
 F = Vault count percentage of total count
                 A         B        C        D         E       F
            +---------+---------+-------+---------+---------+-------
      Total |    7932 |    2393 |  23.2 |     188 |      48 |  20.3
            +---------+---------+-------+---------+---------+-------
        D:1 |      33 |       0 |   0.0 |      20 |       0 |   0.0
        D:2 |      63 |       0 |   0.0 |      20 |       0 |   0.0
        D:3 |      79 |       0 |   0.0 |      20 |       0 |   0.0
        D:4 |     397 |      13 |   3.2 |      22 |       1 |   4.3
        D:5 |     925 |      87 |   8.6 |      16 |       2 |  11.1
        D:6 |    2949 |     211 |   6.7 |      31 |       2 |   6.1
        D:7 |     953 |       0 |   0.0 |      28 |       0 |   0.0
        D:8 |    1832 |    1123 |  38.0 |      18 |       2 |  10.0
        D:9 |     701 |     893 |  56.0 |      13 |      32 |  71.1
      Sewer |       0 |      66 | 100.0 |       0 |       9 | 100.0
            +---------+---------+-------+---------+---------+-------
